 Dungeon Crawl Stone Soup version 0.27.1-33-g824d729ab1 (webtiles) character file.

Game seed: 4742537568875530780

21 EWolf27 the Sneak (level 2, 0/13 HPs)
             Began as a Spriggan Enchanter on Dec 17, 2021.
             Slain by a kobold (7 damage)
             ... on level 1 of the Dungeon.
             The game lasted 00:06:28 (2360 turns).

EWolf27 the Sneak (Spriggan Enchanter)              Turns: 2360, Time: 00:06:31

Health: 0/13       AC:  2    Str:  4    XL:     2   Next: 62%
Magic:  4/7        EV: 17    Int: 16    God:
Gold:   12         SH:  0    Dex: 15    Spells: 4/7 levels left

rFire    . . .     SeeInvis +   a - +1 dagger
rCold    . . .     Faith    .   (shield restricted)
rNeg     . . .     Spirit   .   b - +0 robe
rPois    .         Reflect  .   (helmet restricted)
rElec    .         Harm     .   (no cloak)
rCorr    .         Rampage  .   (gloves unavailable)
Will     .....                  (boots unavailable)
Stlth    +++.......             (no amulet)
HPRegen  0.04/turn              (no ring)
MPRegen  0.10/turn              (no ring)

@: very quick
A: very small, no large weapons, unfitting armour, see invisible, speed 3
a: no special abilities


You were on level 1 of the Dungeon.
You visited 1 branch of the dungeon, and saw 2 of its levels.

You collected 12 gold pieces.

Inventory:

Hand Weapons
 a - a +1 dagger (weapon)
Missiles
 d - 32 stones
Armour
 b - a +0 robe (worn)
Scrolls
 c - a scroll of enchant weapon {unknown}


   Skills:
 - Level 1.1 Short Blades
 - Level 3.0 Dodging
 + Level 4.9 Stealth
 + Level 3.1 Spellcasting
 + Level 4.0 Hexes
 + Level 0.3 Ice Magic


You had 4 spell levels left.
You knew the following spells:

 Your Spells              Type           Power      Damage    Failure   Level
a - Corona                Hex            16%        N/A       3%          1
b - Ensorcelled Hibernat  Hex/Ice        18%        N/A       12%         2

Your spell library contained the following spells:

 Spells                   Type           Power      Damage    Failure   Level
 Confusing Touch          Hex            15%        N/A       11%         3
 Tukima's Dance           Hex            15%        N/A       11%         3
 Freeze                   Ice            12%        1d4       17%         1
 Dazzling Flash           Conj/Hex       16%        N/A       24%         3
 Frozen Ramparts          Ice            6%         1d2       45%         3
 Hailstorm                Conj/Ice       2%         3d3       86%         4


Dungeon Overview and Level Annotations

Branches:
Dungeon (2/15)

Altars:


Innate Abilities, Weirdness & Mutations

You are very small and have problems with some larger weapons.
You are too small for most types of armour.
You have supernaturally acute eyesight. (SInv)
You cover ground extremely quickly. (Speed+++)


Message History

You aren't carrying any potions.
You aren't carrying any potions.
You aren't carrying any potions.
You aren't carrying any potions.
You hit the endoplasm but do no damage. The endoplasm freezes you.
You are frozen.
You hit the endoplasm.
The endoplasm is lightly wounded.
The endoplasm freezes you.
You are frozen.
You are too injured to fight recklessly!
You are too injured to fight recklessly!
You are too injured to fight recklessly!
Things that are here:
a jackal skeleton; a jackal skeleton The gnoll shouts!
The kobold shouts!
You start resting.
A kobold is nearby!
Casting: Corona (safe; 3% risk of failure)
Confirm with . or Enter, or press ? or * to list all spells.
Aiming: Corona (safe; 3% risk of failure)
Press: ? - help, Shift-Dir - straight line, f - kobold
Aim: a kobold, wielding a +3 short sword (chance to affect: 69%)
The kobold is outlined in light.
Casting: Corona (safe; 3% risk of failure)
Confirm with . or Enter, or press ? or * to list all spells.
Aiming: Corona (safe; 3% risk of failure)
Press: ? - help, Shift-Dir - straight line, f/p - kobold
Aim: a kobold, wielding a +3 short sword (softly glowing, chance to affect: 69%)
The kobold glows brighter.
Casting: Corona (safe; 3% risk of failure)
Confirm with . or Enter, or press ? or * to list all spells.
Aiming: Corona (safe; 3% risk of failure)
Press: ? - help, Shift-Dir - straight line, f/p - kobold
Aim: a kobold, wielding a +3 short sword (softly glowing, chance to affect: 69%)
The kobold barely resists.
The kobold hits you with a +3 short sword!
Ouch! That really hurt!
You die...

####.......# #.####
#..........# #.####
#.######...####.#...
#.#..>.#........#.##
#.#$..K#..#####.#.##
#.#.(.!#..# #.#...
#.#?.?.#.## #.####
#.######.# #.####
#<.@K....# #....#
########## ####.#
#.# #.. #.# ###


You could see a kobold (corona).

Vanquished Creatures
  A bat (D:1)
  An endoplasm (D:1)
  A giant cockroach (D:1)
  A goblin (D:1)
  2 hobgoblins (D:1)
  6 jackals (D:1)
  2 quokkas
  A frilled lizard (D:1)
  A rat (D:1)
16 creatures vanquished.

Notes
Turn   | Place    | Note
-------+----------+-------------------------------------------
     0 | D:1      | EWolf27 the Spriggan Enchanter began the quest for the Orb.
     0 | D:1      | Reached XP level 1. HP: 9/9 MP: 5/5
  1258 | D:1      | Reached XP level 2. HP: 9/13 MP: 6/6
  1361 | D:1      | Learned a level 2 spell: Ensorcelled Hibernation
  2360 | D:1      | Slain by a kobold

Illustrated notes

Levels and vault maps discovered:
D:1:      evilmike_arrival_come_back, layout_basic, serial_forest,
          infiniplex_forest_lined_3_way, infiniplex_forest_lined_ring,
          infiniplex_forest_straight_2, infiniplex_forest_zigzag_2,
          infiniplex_forest_clump_curved, infiniplex_forest_straight_1,
          infiniplex_forest_corner_1, minmay_misc_feat_diagonals
D:2:      layout_loops_cross

Skill      XL: |  1  2 |
---------------+-------+-----
Dodging        | 3 |  3.0
Spellcasting   | 3 |  3.1
Hexes          | 4 |  4.0
Short Blades   | |  1.1
Stealth        | |  4.9
Ice Magic      | |  0.3

Action                   || total
-------------------------++-------
Melee: Dagger            ||   100
 Cast: Corona            ||     5
 Stab: Sleeping          ||     2
Armor: Robe              ||     8
Dodge: Dodged            ||    89
